Unix NetHack Version 3.7.0-53 Work-in-progress - last build Apr 18 2022 13:42:29 (02b85442fffe0e2954e411e09df771b56fe27bbc,branch:master). Game began 2022-04-28 12:18:17, ended 2022-05-05 22:53:48. Grasshopper, neutral male human Wizard ------------- ..........%... ......[).----|-- .[......- ....... .))....--..!...... .......|)$$........ --------.........- -.......- -----|----- ---.B$.%....--- |..)..........| |. ----|---- .| | |D.)..H.| | |...AB..| |..H@HNA| |).@S.Yq| |..P.@..| --------- Grasshopper the Mage St:18/** Dx:22 Co:18 In:23 Wi:23 Ch:18 Neutral S:1308999 Astral Plane $:325 HP:515(515) Pw:616(724) AC:-47 Xp:30/105458784 T:58846 Latest messages: The fiery blade hits Death. The invisible K2 swings his katana named +7 at the red dragon. The invisible K2 hits the red dragon. The red dragon misses the invisible K2. The red dragon misses the invisible K2. The red dragon misses the invisible K2. The vampire bat picks up a gold piece. The invisible K2 swings his katana named +7 at the red dragon. The invisible K2 hits the red dragon. The fiery blade hits Death. Death reaches out with its deadly touch. You feel your life force draining away... Death reaches out with its deadly touch. You feel your life force draining away... The owlbear picks up a gold piece. The invisible K2 swings his katana named +7 at the red dragon. The invisible K2 hits the red dragon. The red dragon misses the invisible K2. The red dragon misses the invisible K2. The red dragon misses the invisible K2. The vampire bat drops a gold piece. The invisible K2 swings his katana named +7 at the red dragon. The invisible K2 hits the red dragon. You are now most skilled in long sword. You feel you could be more dangerous! The fiery blade hits Death. You kill Death! The invisible K2 swings his katana named +7 at the red dragon. The invisible K2 hits the red dragon. The invisible K2's katana named +7 is not affected by heat. The red dragon misses the invisible K2. The red dragon misses the invisible K2. The red dragon misses the invisible K2. The vampire bat picks up a gold piece. The vampire bat turns to flee. What do you want to use or apply? [cfijl-qs-uwAEJ-MPRUY or ?*] s In what direction? 4 Status of K2 (lawful): Level 28 HP 224(224) AC -18, tame, fast, invisible. What do you want to sacrifice? [g or ?*] g You offer the Amulet of Yendor to Thoth... An invisible choir sings, and you are bathed in radiance... The voice of Thoth thunders: "Mortal, thou hast done well!" "In return for thy service, I grant thee the gift of Immortality!" You ascend to the status of Demigod... Do you want your possessions identified? [ynq] (y) y Do you want to see your attributes? [ynq] (y) y Do you want an account of creatures vanquished? [ynaq] (y) y Do you want a list of species genocided and extinct? [ynq] (y) y Do you want to see your conduct and achievements? [ynq] (y) y Do you want to see the dungeon overview? [ynq] (y) y Major events: Turn 1: Grasshopper the neutral male human Wizard entered the dungeon 1195: entered the Gnomish Mines 1261: attained the rank of Conjurer (level 3) 1651: reached Mine Town 2465: attained the rank of Thaumaturge (level 6) 6968: entered Sokoban 7129: completed sokoban 1 7642: completed sokoban 2 7878: completed sokoban 3 8842: bestowed with Magicbane by Thoth 10193: completed sokoban 4 11120: acquired the Sokoban amulet of reflection 11354: attained the rank of Magician (level 10) 12279: bestowed with Fire Brand by Thoth 16186: acquired the Mines' End luckstone 18444: entered the Bigroom 22083: read a Discworld novel 27212: attained the rank of Enchanter (level 14) 31790: made his first wish - "blessed greased fixed holy historic bag of holding" 32637: made his first artifact wish - "blessed platinum yendorian express card" 32639: wished for "blessed rustproof magic whistle" 33215: killed Medusa 33602: attained the rank of Sorcerer (level 18) 34216: killed the Oracle 35122: killed the Dark One 35122: found the Eye of the Aethiopica carried by a monster 35123: acquired the Bell of Opening 37117: entered Gehennom 39011: performed his first genocide (class L) 39011: genocided class m 39665: killed Juiblex 41645: killed Orcus 41679: killed Baalzebub 41714: killed Asmodeus 42270: became Thoth's Envoy of Balance 42270: bestowed with spellbook of finger of death 45223: attained the rank of Necromancer (level 22) 46893: wished for "uncursed magic marker" 50536: destroyed Vlad the Impaler 50539: acquired the Candelabrum of Invocation 55623: bestowed with Ogresmasher by Thoth 56007: killed the Wizard of Yendor 56011: acquired the Book of the Dead 56019: attained the rank of Wizard (level 26) 56045: performed the invocation 56051: killed the Wizard of Yendor (2nd time) 56303: killed the high priest of Moloch 56314: acquired The Amulet of Yendor 56932: killed the Wizard of Yendor (3rd time) 58218: wished for "uncursed magic marker" 58230: wished for "uncursed magic marker" 58369: attained the rank of Mage (level 30) 58562: entered the Elemental Planes 58562: entered Plane of Earth 58596: entered Plane of Air 58635: found Sunsword carried by a monster 58689: entered Plane of Fire 58695: genocided class v 58711: entered Plane of Water 58713: genocided class ; 58773: entered the Astral Plane 58809: killed Death 58824: killed Death (2nd time) 58827: found Giantslayer carried by a monster 58830: genocided purple worms 58837: killed Death (3rd time) 58846: ascended Inventory: Coins ('$') $ - 325 gold pieces Amulets ('"') I - the blessed Eye of the Aethiopica Q - an uncursed amulet of life saving (being worn) Weapons (')') a - the blessed rustproof +2 Magicbane (alternate weapon; not wielded) d - the blessed rustproof +7 Fire Brand (weapon in hand) h - 15 blessed poisoned rustproof +7 darts (at the ready) k - 3 blessed +7 silver daggers named +7 C - a blessed fireproof +7 boomerang named +7 Armor ('[') b - a blessed greased fireproof +4 robe (being worn) B - a blessed fireproof +4 pair of water walking boots (being worn) D - a blessed fireproof +4 small shield (being worn) G - a blessed fireproof +4 pair of gauntlets of dexterity (being worn) H - a blessed greased rustproof +5 helm of brilliance (being worn) S - a blessed +4 silver dragon scale mail (being worn) T - a blessed +4 Hawaiian shirt with a plumeria motif (being worn) Comestibles ('%') r - an uncursed tripe ration F - a blessed lizard corpse named Lizard of Oz Scrolls ('?') v - 2 cursed scrolls of genocide X - a blessed scroll of create monster Wands ('/') f - an uncursed wand of digging (0:5) j - an uncursed wand of sleep named 1 (0:3) l - an uncursed wand of cold (0:3) n - an uncursed wand of lightning (0:6) p - an uncursed wand of death (0:6) w - an uncursed wand of cold (1:15) A - an uncursed wand of slow monster (0:0) E - an uncursed wand of speed monster (0:4) J - an uncursed wand of teleportation (0:1) M - an uncursed wand of light (0:14) R - an uncursed wand of teleportation (1:15) Y - a cursed wand of sleep (0:15) Rings ('=') e - a blessed +4 ring of increase damage (on left hand) W - a blessed +4 ring of increase damage (on right hand) Potions ('!') V - an uncursed potion of acid Tools ('(') c - a blessed skeleton key i - a blessed greased bag of holding containing 117 items m - the uncursed Candelabrum of Invocation (7 of 7 candles attached) o - an uncursed wooden flute q - a blessed magic whistle s - an uncursed stethoscope t - a blessed towel u - a blessed +0 unicorn horn K - an uncursed magic marker (1:8) L - a blessed magic lamp P - the blessed Platinum Yendorian Express Card U - a blessed greased oilskin sack named <<< CANCELLATION >>> containing 3 items Gems/Stones ('*') N - a blessed luckstone Contents of the bag of holding: an uncursed amulet of flying a blessed amulet of life saving an uncursed amulet of magical breathing 2 blessed fireproof +7 boomerangs named +7 35 blessed poisoned rustproof +7 darts the blessed rustproof +0 Sunsword a blessed +1 pair of elven boots named +1 a blessed fireproof +3 cloak of magic resistance an uncursed +0 cloak of protection named +0 an uncursed +2 elven cloak named +2 a blessed +1 mummy wrapping named +1 3 uncursed pineapples an uncursed carrot 4 blessed eucalyptus leaves 5 uncursed K-rations 3 blessed lembas wafers an uncursed lembas wafer an uncursed lump of royal jelly 3 uncursed tripe rations a blessed tin of dried chameleon meat a blessed tin of spinach 6 blessed cockatrice eggs 2 blessed eggs named chook 2 uncursed eggs named chook 4 blessed scrolls of blank paper 4 cursed scrolls of blank paper 2 blessed scrolls of charging 5 uncursed scrolls of gold detection 9 cursed scrolls of teleportation an uncursed wand of cold named 3 (1:6) an uncursed wand of cold (0:5) an uncursed wand of cold named 2 (0:5) a blessed wand of digging (0:8) an uncursed wand of digging (1:9) an uncursed wand of digging (0:8) an uncursed wand of digging (0:8) an uncursed wand of digging (0:7) an uncursed wand of digging (0:7) an uncursed wand of digging (0:6) an uncursed wand of digging (0:2) an uncursed wand of enlightenment (0:13) an uncursed wand of fire (0:7) an uncursed wand of lightning (0:15) an uncursed wand of locking (3:12) an uncursed wand of magic missile (0:5) a blessed wand of opening (0:6) an uncursed wand of polymorph (0:6) an uncursed wand of polymorph (0:5) an uncursed wand of probing (0:15) an uncursed wand of secret door detection (0:13) an uncursed wand of sleep (2:6) an uncursed wand of sleep (0:5) an uncursed wand of slow monster (0:7) an uncursed wand of speed monster (0:14) an uncursed wand of speed monster (0:7) an uncursed wand of speed monster (0:5) an uncursed wand of speed monster (0:4) an uncursed wand of striking (0:8) a blessed wand of teleportation (0:4) an uncursed wand of teleportation (0:8) an uncursed wand of teleportation (0:8) an uncursed wand of teleportation (0:7) an uncursed wand of teleportation (0:6) an uncursed wand of teleportation (0:6) an uncursed wand of teleportation (0:6) an uncursed wand of teleportation (0:6) an uncursed wand of teleportation (0:5) an uncursed wand of teleportation named 1 (0:5) an uncursed wand of teleportation (0:4) an uncursed wand of teleportation (1:4) an uncursed wand of undead turning (2:13) an uncursed wand of undead turning named 1 (0:3) an uncursed wand of wishing (1:2) a blessed +2 ring of adornment an uncursed -1 ring of adornment an uncursed ring of cold resistance an uncursed ring of conflict an uncursed ring of fire resistance an uncursed ring of free action an uncursed +1 ring of gain constitution an uncursed ring of levitation an uncursed ring of polymorph an uncursed ring of polymorph control a blessed ring of protection from shape changers an uncursed ring of regeneration an uncursed ring of searching an uncursed ring of slow digestion a blessed ring of stealth an uncursed ring of teleport control an uncursed potion of enlightenment a blessed potion of full healing an uncursed potion of healing an uncursed potion of polymorph 4 potions of holy water an uncursed magic marker (1:38) 7 uncursed wax candles an uncursed agate stone 16 uncursed amber stones 19 uncursed amethyst stones 21 uncursed aquamarine stones 5 uncursed black opals 17 uncursed chrysoberyl stones 41 uncursed citrine stones 5 uncursed diamonds 2 uncursed dilithium crystals 10 uncursed emeralds 20 uncursed fluorite stones 20 uncursed garnet stones 5 uncursed jacinth stones 28 uncursed jasper stones 34 uncursed jet stones 21 uncursed opals 11 uncursed rubies 9 uncursed sapphires 35 uncursed topaz stones 5 uncursed turquoise stones a blessed luckstone Contents of the oilskin sack named <<< CANCELLATION >>>: a blessed scroll of remove curse an uncursed scroll of scare monster an uncursed wand of cancellation (1:8) Grasshopper the Wizard's attributes: Background: You were a Mage, a level 30 male human Wizard. You were neutral, on a mission for Thoth who was opposed by Ptah (lawful) and Anhur (chaotic). You were in the endgame, on the Astral Plane. You entered the dungeon 58846 turns ago. It was nighttime. You had 105458784 experience points. Your score was 1308999 before end-of-game adjustments. Basics: You had all 515 hit points. You had 616 out of 724 energy points (spell power). Your armor class was -47. Your wallet contained 325 zorkmids. Autopickup was on for '$"?+/=!*' plus thrown, with exceptions. Final Characteristics: Your strength was 18/100 (limit:18/100). Your dexterity was 22 (base:18, innate limit:18). Your constitution was 18 (limit:18). Your intelligence was 23 (base:18, innate limit:18). Your wisdom was 23 (base:18, innate limit:18). Your charisma was 18 (limit:18). Final Status: You were not hungry. You were unencumbered. You were wielding a long sword. You had basic skill with long sword. Final Attributes: You were the Envoy of Balance. You were piously aligned. You were magic-protected. You were fire resistant. Your items were protected from fire. You were cold resistant. You were sleep resistant. You were shock resistant. You were poison resistant. You saw invisible. You were telepathic. You were warned. You had automatic searching. You were invisible to others. You could teleport. You had teleport control. You could walk on water. You had a large damage bonus (+8). You had a large defense bonus (+13). You were guarded. You took half spell damage. You were very fast. You had reflection. Your life would have been saved. You were extremely lucky. You had extra luck. Good luck did not time out for you. You survived. Miscellaneous: You never encountered a bones level. Total elapsed playing time was 1 day, 22 hours, 31 minutes and 27 seconds. Vanquished creatures: Asmodeus Baalzebub Orcus Juiblex the Wizard of Yendor (4 times) Death (4 times) Vlad the Impaler a high cleric 2 mastodons Medusa 17 krakens an Archon 6 iron golems a master lich 4 storm giants 3 titans a glass golem 20 purple worms a gray dragon 3 gold dragons 8 silver dragons 3 red dragons 5 white dragons an orange dragon 5 black dragons a blue dragon 2 green dragons 3 yellow dragons 20 minotaurs 2 jabberwocks the Dark One 6 baluchitheria 26 Angels 2 demiliches 4 stone golems 4 master mind flayers 11 Olog-hai a Nazgul 3 pit fiends 4 sandestins 4 hell hounds 4 displacer beasts 3 titanotheres 8 trappers a baby black dragon 4 guardian nagas 3 disenchanters 32 vampire leaders 5 skeletons 2 shopkeepers 2 prisoners the Oracle 38 aligned clerics 7 captains 5 shades 4 liches 4 clay golems 7 nurses 9 ice devils 7 nalfeshnees 9 lurkers above 3 Aleaxes a frost giant 6 ettins 9 black puddings 24 vampires 6 lieutenants 44 ghosts a rogue a wizard 2 queen bees 4 winged gargoyles 4 giant mimics 5 long worms 6 zruties 6 fire giants 11 ogre tyrants 6 ice trolls 12 rock trolls 8 umber hulks 22 flesh golems 5 elven monarchs a doppelganger 10 hezrous 4 bone devils a large mimic 5 wumpuses 8 fire vortices 12 couatls 20 stalkers 5 air elementals 4 fire elementals 6 earth elementals 9 water elementals 17 hill giants 5 giant mummies 3 black nagas 14 xorns 13 giant zombies 23 elf-nobles 9 sergeants 10 barbed devils 4 vrocks a salamander 12 wargs 3 winter wolves 6 hell hound pups 5 small mimics 2 glass piercers 7 warhorses 7 steam vortices 8 xans 8 ettin mummies 8 ogre leaders 14 quantum mechanics 18 trolls a sasquatch 6 wood golems 3 erinyes 4 mariliths 2 djinn 8 sharks 14 electric eels 11 gelatinous cubes 2 pyrolisks 2 large dogs 2 freezing spheres 10 flaming spheres 12 shocking spheres a large cat 11 tigers 6 gargoyles 2 dwarf rulers 18 tengu 9 ochre jellies 12 leocrottas 9 energy vortices 6 mountain centaurs 6 stone giants 9 elf mummies 3 human mummies 8 red nagas 2 green slimes 3 pythons a pit viper 9 cobras 42 wraiths 6 carnivorous apes 21 ettin zombies 6 leather golems 16 Grey-elves 50 soldiers 7 amorous demons 7 horned devils 12 chameleons 2 crocodiles 8 giant beetles 7 quivering blobs 18 cockatrices 11 wolves 7 winter wolf cubs 2 lynxes 5 panthers 12 gremlins 6 spotted jellies 13 leprechauns 12 orc-captains 8 iron piercers 5 mumakil 29 giant spiders 8 scorpions 8 horses 3 ice vortices a baby long worm 12 black lights 60 vampire bats 5 forest centaurs 9 gnome rulers 4 orc mummies 4 dwarf mummies 7 ogres 9 brown puddings 13 rust monsters 10 owlbears 10 yetis 5 gold golems 4 werewolves 33 Green-elves 7 piranha 21 giant eels 19 lizards 13 chickatrices 7 dingoes 3 dogs 2 housecats 7 jaguars 10 dwarf leaders 12 blue jellies 4 white unicorns 3 black unicorns 3 dust vortices 14 ravens 5 plains centaurs 5 gnome mummies 9 snakes 3 water moccasins 14 apes 25 human zombies 6 rope golems 20 Woodland-elves 12 soldier ants 13 fire ants 15 bugbears 8 imps 3 lemures 17 quasits 4 wood nymphs 5 water nymphs 6 mountain nymphs 15 Mordor orcs 35 Uruk-hai 7 orc shamans 19 rock piercers 6 rock moles 9 ponies 17 fog clouds 15 yellow lights 7 violet fungi 26 gnome leaders 13 gnomish wizards 8 kobold mummies 9 gray oozes 6 barrow wights 15 elf zombies 17 ghouls 8 straw golems 5 paper golems 8 jellyfish 25 giant ants 3 little dogs 24 floating eyes 3 kittens 26 dwarves 11 homunculi 3 kobold leaders 6 kobold shamans 65 hill orcs 22 rothes 4 rabid rats 2 centipedes 19 giant bats 3 monkeys 17 orc zombies 21 dwarf zombies 3 wererats 2 werejackals 12 iguanas 48 killer bees 33 acid blobs 3 gas spores 9 hobbits 18 manes 6 large kobolds 10 hobgoblins 2 orcs 10 giant rats 11 cave spiders 5 brown molds 11 yellow molds 5 green molds a red mold 59 gnomes 6 garter snakes 14 gnome zombies 15 geckos 9 jackals 3 foxes 4 kobolds 4 goblins 11 sewer rats 12 grid bugs 20 bats 15 lichens 19 kobold zombies 22 newts 2718 creatures vanquished. Genocided or extinct species: small mimics large mimics giant mimics fog clouds dust vortices ice vortices energy vortices steam vortices fire vortices purple worms liches demiliches master liches arch-liches erinyes (extinct) jellyfish piranha sharks giant eels electric eels krakens 20 species genocided. 1 species extinct. Voluntary challenges: You read items or engraved 245 times. You never engraved Elbereth. You genocided 20 types of monsters. You used 6 wishes (1 for an artifact). You did not violate any of the special Sokoban rules. Achievements: You entered the Gnomish Mines. You entered a shop. You attained the rank of Conjurer. You entered Minetown. You attained the rank of Thaumaturge. You entered Sokoban. You completed Sokoban. You attained the rank of Magician. You completed the Gnomish Mines. You entered the Big Room. You read from a Discworld novel. You entered a temple. You attained the rank of Enchanter. You defeated Medusa. You attained the rank of Sorcerer. You handled the Bell of Opening. You entered Gehennom. You attained the rank of Necromancer. You had the Candelabrum of Invocation. You handled the Book of the Dead. You attained the rank of Wizard. You gained access to Moloch's Sanctum. You attained the rank of Mage. You reached the Elemental Planes. You reached the Astral Plane. You delivered the Amulet of Yendor. You ascended! The Elemental Planes: Astral Plane: <- You are here. A temple to Thoth. Plane of Water: Plane of Fire: Plane of Air: Plane of Earth: The Dungeons of Doom: levels 1 to 26 Level 1: Many fountains. One way stairs up to The Elemental Planes. Level 2: An altar to Thoth. Level 3: An untended shop, a fountain. Stairs down to The Gnomish Mines. Level 4: Some fountains. Level 5: A general store, an altar to Thoth. Level 6: Level 7: An untended shop, a fountain. Level 8: "c Oracle" A fountain. Oracle of Delphi. Level 9: A fountain. Stairs up to Sokoban, level 8. Level 10: "poly" An altar to Thoth. Level 11: Level 12: "loot stash" A very big room. Level 13: A scroll shop, some fountains. Level 14: Level 15: "food stash" Many fountains. Portal to The Quest. Level 16: Level 17: A primitive area. Level 18: An altar to Thoth, a fountain. Level 19: "priest stash" A temple. Level 20: "lp" An altar to Thoth, some fountains. Level 21: A fountain. Level 22: A temple. Level 23: "c lp" A fountain. Level 24: "Medusa" Level 25: "poly" Level 26: A fountain. The castle. Connection to Gehennom. Gehennom: levels 27 to 47 Level 27: A temple, many graves. Valley of the Dead. Level 28: Level 29: Level 30: "c Asmo" Level 31: A fountain. Level 32: Level 33: "Ballz" Level 34: Level 35: "poly" Level 36: Level 37: "Rodders poly" Stairs up to Vlad's Tower, level 36. Level 38: "+1 stash" Level 39: "wiz bottom" Level 40: "Orcus" Some shops, an altar, some graves. Level 41: Level 42: "wiz portal" Level 43: Level 44: Level 45: Level 46: Level 47: A temple, many graves. Moloch's Sanctum. The Gnomish Mines: levels 4 to 11 Level 4: "dart" Level 5: Level 6: An altar to Thoth, some fountains. Level 7: Level 8: Level 9: Level 10: Level 11: A fountain. The Quest: levels 1 to 5 Level 1: Completed quest for Neferet the Green. Level 2: Level 3: "poly" Level 4: Level 5: A temple to Thoth. Sokoban: levels 8 up to 5 Level 5: Solved. Level 6: Solved. Level 7: Solved. Level 8: Solved. Vlad's Tower: levels 36 up to 34 Level 34: Level 35: Level 36: Goodbye Grasshopper the Demigod... You and the cobra and the vampire bat and the invisible K2 and the guardian Angel of Thoth and the ettin went to your reward with 3083025 points, Magicbane (worth 3500 zorkmids and 8750 points) Fire Brand (worth 3000 zorkmids and 7500 points) Sunsword (worth 1500 zorkmids and 3750 points) The Candelabrum of Invocation (worth 5000 zorkmids and 12500 points) The Eye of the Aethiopica (worth 4000 zorkmids and 10000 points) The Platinum Yendorian Express Card (worth 7000 zorkmids and 17500 points) 41 citrine stones (worth 61500 zorkmids), 35 topaz stones (worth 31500 zorkmids), 34 jet stones (worth 28900 zorkmids), 28 jasper stones (worth 14000 zorkmids), 21 aquamarine stones (worth 31500 zorkmids), 21 opals (worth 16800 zorkmids), 20 garnet stones (worth 14000 zorkmids), 20 fluorite stones (worth 8000 zorkmids), 19 amethyst stones (worth 11400 zorkmids), 17 chrysoberyl stones (worth 11900 zorkmids), 16 amber stones (worth 16000 zorkmids), 11 rubies (worth 38500 zorkmids), 10 emeralds (worth 25000 zorkmids), 9 sapphires (worth 27000 zorkmids), 5 diamonds (worth 20000 zorkmids), 5 jacinth stones (worth 16250 zorkmids), 5 black opals (worth 12500 zorkmids), 5 turquoise stones (worth 10000 zorkmids), 2 dilithium crystals (worth 9000 zorkmids), 1 agate stone (worth 200 zorkmids), 2 amulets of life saving (worth 300 zorkmids), 1 amulet of magical breathing (worth 150 zorkmids), 1 amulet of flying (worth 150 zorkmids), and 325 pieces of gold, after 58846 moves. You were level 30 with a maximum of 515 hit points when you ascended.